Cogmind - Beta 15 @@@ ROGUE MODE // 2025.08.15 @ 22:05:55 Player: erfael Result: Destroyed by D-53 Grenadier with Mini Grenade Launcher Performance ------------- Evolutions (0) 0 Regions Visited (2) 400 Robots Destroyed (26) 130 Value Destroyed (369) 369 Prototype IDs (0) 0 Alien Tech Used (0) 0 Bonus (0) 0 TOTAL SCORE: 899 Bonus ------- None Cogmind --------- Core Integrity 0/250 Matter 300/300 Energy 98/100 System Corruption 1% Temperature Cool (1) Movement Walking (190) Ox1 Location -10/Mines Parts ------- > --- POWER (1) -------- (None) > --- PROPULSION (2) --- Aluminum Leg > --- UTILITY (2) ------ Large Storage Unit > --- WEAPON (2) ------- (None) > --- INVENTORY (15) --- Ion Engine Ion Engine Aluminum Leg Aluminum Leg Aluminum Leg Aluminum Leg Small Matter Pod (49) Improved Terrain Scanner Targeting Computer Targeting Computer Beam Cannon Assault Rifle Light Assault Rifle Light Assault Rifle Hammer Peak State ------------ > --- POWER ------------ Light Nuclear Core > --- PROPULSION ------- Aluminum Leg Aluminum Leg > --- UTILITY ---------- Large Storage Unit Seismic Detector > --- WEAPON ----------- Beam Cannon Assault Rifle > --- INVENTORY -------- Ion Engine Ion Engine Aluminum Leg Aluminum Leg Improved Terrain Scanner Targeting Computer Assault Rifle Light Assault Rifle Hammer [Rating: 10] Favorites ----------- Power Ion Engine Engine Ion Engine Power Core Light Nuclear Core Propulsion Aluminum Leg Leg Aluminum Leg Utility Seismic Detector Device Seismic Detector Storage Large Storage Unit Weapon Assault Rifle Energy Cannon Beam Cannon Ballistic Gun Assault Rifle Impact Weapon Hammer Slashing Weapon Mining Claw Build | -11 -10 -10 ------- Run | Yrd Mat Min Slots Evolved . | . . . Power . | . . . Propulsion . | . . . Utility . | . . . Weapon . | . . . Parts Attached 18 | 8 9 1 Power 4 | 2 2 . Engine 3 | 2 1 . Core 1 | . 1 . Reactor . | . . . Propulsion 4 | 2 2 . Treads . | . . . Leg 4 | 2 2 . Wheel . | . . . Hover . | . . . Flight . | . . . Utility 4 | 2 2 . Device 2 | 1 1 . Storage 2 | 1 1 . Processor . | . . . Hackware . | . . . Protection . | . . . Artifact . | . . . Weapon 6 | 2 3 1 Energy Gun . | . . . Energy Cannon 1 | . 1 . Ballistic Gun 3 | 2 . 1 Ballistic Cannon . | . . . Launcher . | . . . Special Weapon . | . . . Impact Weapon 1 | . 1 . Slashing Weapon 1 | . 1 . Piercing Weapon . | . . . Special Melee Weapon . | . . . Unidentified Prototypes . | . . . Parts Lost 7 | . 1 6 Power 1 | . . 1 Propulsion 1 | . . 1 Utility 2 | . 1 1 Weapon 3 | . . 3 Highest Loss Streak 5 | . 1 5 To Critical Strikes 1 | . . 1 Average Backups 8 | 4 8 14 Power 1 | . 1 2 Propulsion 2 | 1 2 4 Utility 2 | 1 2 4 Weapon 2 | . 2 4 Tool/Special . | . . . Unused Backups 13 | . 5 8 Power . | . . . Propulsion 6 | . 4 2 Utility 4 | . 1 3 Weapon 3 | . . 3 Tool/Special . | . . . Average Slot Usage (%) 98 | . 99 91 Engine 10 | . 10 . Core 3 | . 3 12 Leg 27 | . 27 26 Device 13 | . 13 11 Storage 14 | . 14 14 Energy Cannon 4 | . 3 12 Ballistic Gun 22 | . 23 11 Peak Build Rating 10 | 8 10 10 Average Rating 8 | 6 8 8 On Entrance 6 | . 8 10 Naked Turns . | . . . Heaviest Build 31 | 13 31 31 Greatest Support 20 | 20 20 20 Greatest Overweight (x) 1 | 1 1 1 Average Overweight (x) . | . . 1 Largest Inventory Capacity 15 | 8 15 15 Average Capacity 12 | 7 13 15 Most Carried 15 | 7 14 15 Average Carried 8 | 4 8 14 Final Capacity 15 | 8 15 15 Final Carried 15 | 7 14 15 Class Distribution -------------------- 77% | Mutant 22% | Scavenger-Mutant Dominant Class ---------------- Mutant | -10/Materials Scavenger-Mutant | -10/Mines Resources | -11 -10 -10 ----------- Run | Yrd Mat Min Matter Collected 742 | 388 314 40 Remotely . | . . . Salvage Created 676 | 264 372 40 Parts 66 | 33 25 8 Haulers Intercepted . | . . . Recyclers Shooed 1 | 1 . . Parts Field Recycled . | . . . Retrieved Matter . | . . . Parts Self-Destructed . | . . . Prevented . | . . . Kills | -11 -10 -10 ------- Run | Yrd Mat Min Combat Hostiles Destroyed 12 | . 9 3 Guns 8 | . 7 1 Cannons 4 | . 2 2 Classes Destroyed 6 | 3 3 . Worker 4 | 2 2 . Tunneler 8 | 8 . . Recycler 1 | 1 . . Mechanic 1 | . 1 . Swarmer 6 | . 3 3 Grunt 6 | . 6 . Best Kill Streak 5 | 5 3 3 Combat Bots Only 3 | . 3 3 Max Kills in Single Turn 2 | 2 2 1 Gunslinging 1 | . 1 . Exploded . | . . . Melee . | . . . Uniques/NPCs Destroyed . | . . . Combat | -11 -10 -10 -------- Run | Yrd Mat Min Hostile Shots Fired 87 | . 53 34 Missed 15 | . 12 3 Hits 72 | . 41 31 Melee 1 | . . 1 Projectile 71 | . 41 30 AOE 10 | . . 10 Critical Strikes 2 | . 1 1 Damage Taken 1036 | . 429 607 Core 258 | . 97 161 Absorbed by Shields . | . . . Regen/Repaired (Parts) 162 | . 162 . Core Remaining (%) 100 | 100 . . Volleys Fired 60 | 18 36 6 Largest 2 | 2 2 2 Hottest 80 | 40 80 80 Shots Fired 113 | 36 66 11 Gun 103 | 36 62 5 Cannon 10 | . 4 6 Launcher . | . . . Special . | . . . Kinetic 103 | 36 62 5 Thermal 10 | . 4 6 Explosive . | . . . Electromagnetic . | . . . Robot Hit Streak 8 | 3 8 3 Robot Miss Streak 3 | 3 3 2 Penetration Max . | . . . Secondary Targets 2 | . 2 . Max Gunslinging Chain 1 | . 1 . Shots Hit Robots 68 | 19 43 6 Core Hits 35 | 12 20 3 Critical Kills . | . . . Critical Parts Destroyed . | . . . Critical Strikes . | . . . Melee Attacks 4 | . 4 . Impact . | . . . Slashing 4 | . 4 . Piercing . | . . . Sneak Attacks . | . . . Combat Hostiles . | . . . Follow-up Attacks . | . . . Damage Inflicted 904 | 267 543 94 Guns 783 | 267 492 24 Cannons 121 | . 51 70 Explosions . | . . . Melee . | . . . Ramming . | . . . Kinetic 783 | 267 492 24 Thermal 121 | . 51 70 Explosive . | . . . Electromagnetic . | . . . Impact . | . . . Slashing . | . . . Piercing . | . . . Highest Corruption 1 | . 1 1 Average Corruption 1 | . 1 1 Corruption Purged . | . . . Corruption Blocked . | . . . Effects 2 | . 2 . Matter Fused 2 | . 2 . Overload Shots . | . . . Overflow Damage . | . . . Projectiles . | . . . Explosions . | . . . Melee . | . . . Knockbacks . | . . . Impact . | . . . Kinetic . | . . . Secondary . | . . . Self-Inflicted Damage . | . . . Shots . | . . . Rammed . | . . . Targets Rammed 1 | . . 1 Kicked 1 | . . 1 Crushed . | . . . Highest Temperature 146 | 6 114 146 Average Temperature 63 | 6 56 71 Received Heat Transfer 177 | . 177 . Siege Activations . | . . . Martial Activations . | . . . Shielding Activations . | . . . Robots Disrupted . | . . . Combat Hostiles . | . . . Robots Corrupted . | . . . Combat Hostiles . | . . . Parts Fried . | . . . Impact Corruptions . | . . . Robots Melted . | . . . Combat Hostiles . | . . . Parts Melted . | . . . Heat Transferred 259 | . 111 148 Parts Sabotaged . | . . . Parts Stolen . | . . . Parts Stripped . | . . . Power Chain Reactions . | . . . Alert | -11 -10 -10 ------- Run | Yrd Mat Min Maximum Alert Level . | . . . Low Security (%) 100 | 100 100 100 Level 1 . | . . . Level 2 . | . . . Level 3 . | . . . Level 4 . | . . . Level 5 . | . . . High Security . | . . . Max Security . | . . . Peak Influence 75 | 15 75 50 Initial 3 | . 3 . Average 12 | 2 13 20 Influence Increases 388 | 55 263 70 Destroy 0b10 Robot/C 240 | . 180 60 Destroy 0b10 Robot/NC 70 | 55 15 . Destroy Leader 60 | . 50 10 Destroy Structure 3 | . 3 . Lose Combat Pursuer 15 | . 15 . Influence Decreases 388 | 50 268 70 Entered New Map 2 | . 2 . Time Decay 336 | 50 256 30 Lost Part 30 | . 10 20 Lost Ally 20 | . . 20 Squads Dispatched 3 | . 3 . Investigation . | . . . Extermination . | . . . Reinforcement 3 | . 3 . Assault . | . . . Garrison . | . . . Intercept . | . . . Searches Triggered . | . . . Construction Impeded . | . . . Haulers Reinforced . | . . . Active Scanning Responses . | . . . Cargo Convoy Interrupts . | . . . Stealth | -11 -10 -10 --------- Run | Yrd Mat Min Distress Signals 1 | . 1 . Communications Jammed . | . . . Distress Signals . | . . . Times Spotted 41 | . 18 23 Peak Tracking Total 22 | . 4 22 Tactical Retreats 1 | . 1 . Traps | -11 -10 -10 ------- Run | Yrd Mat Min Traps Triggered 1 | . 1 . Indirectly . | . . . Trap Hack Attempts . | . . . Triggered . | . . . Disarmed . | . . . Reprogrammed . | . . . Reused . | . . . Traps Extracted . | . . . Installed . | . . . Triggered . | . . . Machines | -11 -10 -10 ---------- Run | Yrd Mat Min Machines Disabled . | . . . Max in Single Turn . | . . . Machines Repaired . | . . . Machines Dismantled . | . . . Machines Sabotaged . | . . . Overloaded Fab Kills . | . . . Hacking | -11 -10 -10 --------- Run | Yrd Mat Min Machines Accessed 3 | . 3 . Terminals 2 | . 2 . Fabricators . | . . . Repair Stations 1 | . 1 . Recycling Units . | . . . Scanalyzers . | . . . Garrison Access . | . . . Total Hacks 13 | . 13 . Successful 7 | . 7 . Failed 6 | . 6 . Catastrophic . | . . . Database Lockouts . | . . . Manual 6 | . 6 . Terminals 5 | . 5 . Fabricators . | . . . Repair Stations 8 | . 8 . Recycling Units . | . . . Scanalyzers . | . . . Garrison Access . | . . . Terminal Hacks . | . . . Fabricator Hacks . | . . . Repair Station Hacks 6 | . 6 . Scan Component 4 | . 4 . Repair 2 | . 2 . Recycling Unit Hacks . | . . . Scanalyzer . | . . . Garrison Access Hacks . | . . . Unauthorized Hacks 1 | . 1 . Terminals 1 | . 1 . Botnet 1 | . 1 . Fabricators . | . . . Repair Stations . | . . . Recycling Units . | . . . Scanalyzers . | . . . Garrison Access . | . . . Data Cores Recovered . | . . . Used . | . . . Hacking Detections 4 | . 4 . Full Trace Events . | . . . Feedback Events . | . . . Feedback Blocked . | . . . Robot Schematics Acquired . | . . . Robots Built . | . . . Authchips . | . . . Time . | . . . Total Robot Build Rating . | . . . Part Schematics Acquired . | . . . Parts Built . | . . . Authchips . | . . . Time . | . . . Total Part Build Rating . | . . . Parts Repaired 2 | . 2 . Time 52 | . 52 . Parts Recycled . | . . . Recycled Matter . | . . . Retrieved Matter . | . . . Retrieved Components . | . . . Parts Scanalyzed . | . . . Part Schematics Acquired . | . . . Parts Damaged . | . . . Bothacking | -11 -10 -10 ------------ Run | Yrd Mat Min Used RIF Installer . | . . . Robots Hacked . | . . . Non-combat . | . . . Combat . | . . . Robot Hacks Applied . | . . . Relay Couplers Released . | . . . Fabnet Peak Effective % . | . . . Robots Rewired . | . . . Allies Hacked . | . . . Hacks Repelled . | . . . Allies | -11 -10 -10 -------- Run | Yrd Mat Min Total Allies 2 | . . 2 Largest Group 2 | . . 2 Highest-Rated Group 47 | . . 47 Highest-Rated Ally 31 | . . 31 Total Orders . | . . . Ally Attacks 1 | . . 1 Total Damage 22 | . . 22 Kills . | . . . Allies Corrupted . | . . . Allies Melted . | . . . Intel | -11 -10 -10 ------- Run | Yrd Mat Min Active Infowar (turns) 1602 | 136 1378 88 Seismic 1602 | 136 1378 88 Robot Analysis Total . | . . . Derelict Logs Recovered . | . . . Drone Launches . | . . . Drone Recoveries . | . . . Exploration | -11 -10 -10 ------------- Run | Yrd Mat Min Turns Passed 1726 | 227 1390 109 Spaces Moved 821 | 107 673 41 Core 4 | 4 . . Treads . | . . . Legs 817 | 103 673 41 Wheels . | . . . Hover . | . . . Flight . | . . . Fastest Speed 50 | 50 120 190 Average Speed 161 | 118 167 190 Slowest Speed 190 | 120 190 190 Overloaded Moves . | . . . Propulsion Burnouts . | . . . Robots Hopped . | . . . Potential Cave-ins . | . . . Cave-ins Triggered . | . . . Exploration Rate (%) 36 | 6 92 11 Regions Visited 2 Branch Regions 1 Pre-discovered Areas 1 | . . 1 Known Exits Taken . | . . . Unknown Exits Taken 2 | 1 1 . Scrap Searched . | . . . Spaces Dug 1 | . 1 . Terrain Destroyed 1 | . 1 . Melee 1 | . 1 . Projectile . | . . . AOE . | . . . Terrain Rammed . | . . . Walls Destroyed . | . . . Machines Disabled . | . . . Actions | -11 -10 -10 --------- Run | Yrd Mat Min Total 1093 | 167 864 62 Wait 160 | 28 121 11 Move 819 | 106 672 41 Hop . | . . . Pick Up 20 | 7 11 2 Fast Attach 9 | 7 2 . Attach 2 | . 1 1 Detach . | . . . Swap 10 | 1 9 . Drop 8 | . 8 . Fire 60 | 18 36 6 Melee 4 | . 4 . Ram . | . . . Kick 1 | . . 1 Crush . | . . . Escape Stasis . | . . . Rewire . | . . . Trap . | . . . Miscellaneous . | . . . Route ------- -11/Scrapyard -10/Materials (discovered 5 exits: [*Mat x3] / [*Min] / [*Sub]) -10/Mines (discovered 1 exit: [*Mat]) History --------- Turn | Location | Event 5 | -11/Scrapyard | Discovered new exit (range 15) 228 | -11/Scrapyard | Entered Materials 229 | -10/Materials | Met a group of wandering Federalists 329 | -10/Materials | Build established: Mutant 451 | -10/Materials | Discovered new exit (range 6) 617 | -10/Materials | Discovered new exit (range 3) 791 | -10/Materials | Discovered new exit (range 15) 1106 | -10/Materials | Repaired Assault Rifle 1136 | -10/Materials | Repaired Aluminum Leg 1217 | -10/Materials | Discovered new exit (range 10) 1391 | -10/Materials | Discovered new exit (range 12) 1618 | -10/Materials | Entered Mines 1618 | -10/Mines | Discovered new exit (range 7) 1619 | -10/Mines | Learned location of Storage (-7) 1623 | -10/Mines | Build established: Scavenger-Mutant 1658 | -10/Mines | Core integrity fell below 50% 1697 | -10/Mines | Assembled infested the area 1702 | -10/Mines | Assisted by a Guerilla fighting off Assembled 1710 | -10/Mines | Core integrity fell below 20% 1727 | -10/Mines | Destroyed by D-53 Grenadier with Mini Grenade Launcher Last Messages --------------- 01716_ D-53 Grenadier destroyed. 01716_ as-19677 destroyed. 01716_ as-93721 destroyed. 01716_ as-09787 destroyed. 01716_ as-59971 destroyed. 01716_ as-59409 destroyed. 01716_ as-82705 destroyed. 01716_ as-61956 destroyed. 01718_ The unstable cave ceiling collapses. 01718_ as-87182 destroyed. 01718_ as-09922 destroyed. 01718_ as-83227 destroyed. 01720_ U-05 Engineer builds a Wall. 01720_ as-33874 destroyed. 01720_ as-68517 destroyed. 01721_ The unstable cave ceiling collapses. 01721_ Kicked U-05 Engineer. 01722_ as-16089 destroyed. 01726_ K-01 Serf collects debris. 01727_ The unstable cave ceiling collapses. Map ----- +----------------------------------------------------+ | | | | | | | | | | | | | | | | | | | | | | | ????????????????????????????????????????????? | | ????????????????##??????????????????????????? | | ??????????????## ####???##?????????????????? | | ?????????????? ### ##???????????????? | | ????????????? #####???????????? | | ????????????? #???????????? | | ???????????? % % #???????????? | | ??????????????? # ##??????????? | | ????????????????? ###?????????? | | ?????????????????? % #??####???? | | ???????????????????? d # ##?## ##??? | | ?????????????????????# r #k #??# ##?? | | ??????????????????????# # #??# ##? | | ??????????????????????# # # ##### #? | | ??????????????????????## @ ## #?# #? | | ???????????????????????# ### ### = #? | | ???????????????????????## ##?# < #? | | ????????????????????????# #??# ### = #? | | ????????????????????????# #??# #?# #? | | ????????????????????????#u#??# #?## ##? | | ????????????????????????# #??########??####?? | | ????????????????????????# #?????????????????? | | ???????????????????????? #?????????????????? | | ????????????????????????#k??????????????????? | | ????????????????????????? ??????????????????? | | ????????????????????????? ??????????????????? | | ????????????????????????? ??????????????????? | | ????????????????????????? ??????????????????? | | ????????????????????????? ??????????????????? | | ????????????????????????? ??????????????????? | | ????????????????????????????????????????????? | | ????????????????????????????????????????????? | | ????????????????????????????????????????????? | | ????????????????????????????????????????????? | | ????????????????????????????????????????????? | | ????????????????????????????????????????????? | | ????????????????????????????????????????????? | | ????????????????????????????????????????????? | | ????????????????????????????????????????????? | +----------------------------------------------------+ Best States ------------- Heat Dissipation 25 Energy Generation 14 Energy Capacity 250 Matter Stores 300 Matter Capacity 300 Sight Range 16 Terrain Scan Density 10 Evasion (%) 55 Item Schematics ----------------- None Robot Schematics ------------------ None Fabricated ------------ Nothing Repaired ---------- Assault Rifle | 13% | -10/Materials Aluminum Leg | 16% | -10/Materials Alien Tech Used ----------------- None Achievements -------------- None Challenges ------------ None Game ------ Seed ImprinterMediumRedirector Manual? 0 Play Time 00:15:40 Cumulative 49.0 hours Start 2025.08.15 @ 21:51:35 End 2025.08.15 @ 22:05:55 Sessions 1 Manual Loads 0 Difficulty Rogue Special Mode None Game No. 45 Rogue 45 Adventurer 0 Explorer 0 Win Type - Total 0 Types 0/0/0/0/0/0/0/0/0/0 Lore% 31 Gallery% 26 Achievement% 26 Wizard Run 0 Options --------- Layout 0 ASCII 0 Keyboard 1 Movement Numpad Keybinds 0 Fullscreen 1 Font 18/SmallcapsGlow Map View 76x50 Zoom Use 0% Tactical HUD 1 Map Filters NONE Filters NONE Steam 1 RUN: e72674ae-a531-479b-884d-ed0d9ca9a223